 Dungeon Crawl Stone Soup version 0.28.0-53-g5a82cb258f (webtiles) character file.

Game seed: 13091447477069502471

70 kudzoo the Sneak (level 4, 0/22 HPs)
             Began as a Spriggan Enchanter on Aug 7, 2022.
             Succumbed to an adder's poison
             ... on level 3 of the Dungeon.
             The game lasted 00:23:33 (2855 turns).

kudzoo the Sneak (Spriggan Enchanter)               Turns: 2855, Time: 00:23:34

Health: 0/22       AC:  2    Str:  4    XL:     4   Next: 4%
Magic:  6/9        EV: 17    Int: 18    God:
Gold:   58         SH:  0    Dex: 15    Spells: 7/9 levels left

rFire   . . .      SeeInvis +   a - +1 dagger
rCold   . . .      Faith    .   (no shield)
rNeg    . . .      Spirit   .   b - +0 robe
rPois   .          Reflect  .   (helmet restricted)
rElec   .          Harm     .   (no cloak)
rCorr   .          Rampage  .   (gloves unavailable)
Will    .....                   (boots unavailable)
Stlth   ++........              (no amulet)
HPRegen 0.07/turn               (no ring)
MPRegen 0.11/turn               (no ring)

@: lethally poisoned (0 -> -5), silenced, very quick
A: very small, no large weapons, unfitting armour, see invisible, speed 3
a: no special abilities


You were on level 3 of the Dungeon.
You visited 1 branch of the dungeon, and saw 3 of its levels.

You collected 58 gold pieces.

Inventory:

Hand Weapons
 a - a +1 dagger (weapon)
Missiles
 e - 3 stones (quivered)
Armour
 b - a +0 robe (worn)
 f - a +0 buckler
Wands
 i - a wand of acid (9)
Scrolls
 d - 4 scrolls of identify {unknown}
 h - a scroll of immolation {unknown}
Potions
 c - a potion of invisibility


   Skills:
 * Level 1.0 Fighting
 * Level 1.6 Short Blades
 + Level 3.0 Dodging
 * Level 5.8 Stealth
 * Level 3.1 Spellcasting
 * Level 4.1 Hexes


You had 7 spell levels left.
You knew the following spells:

 Your Spells              Type           Power      Damage    Failure   Level
a - Ensorcelled Hibernat  Hex/Ice        20%        N/A       11%         2

Your spell library contained the following spells:

 Spells                   Type           Power      Damage    Failure   Level
 Confusing Touch          Hex            17%        N/A       9%          3
 Tukima's Dance           Hex            17%        N/A       9%          3
 Dazzling Flash           Conj/Hex       20%        N/A       21%         3


Dungeon Overview and Level Annotations

Branches:
Dungeon (3/15)

Altars:

Shops:
D:1 ?   D:2 *

Annotations:
D:2 Robin, Sigmund


Innate Abilities, Weirdness & Mutations

You are very small and have problems with some larger weapons.
You are too small for most types of armour.
You have supernaturally acute eyesight. (SInv)
You cover ground extremely quickly. (Speed+++)


Message History

Okay, then.
You hit the adder.
The adder is lightly wounded.
The adder bites you.
You are poisoned.
The adder poisons you!
You hit the adder.
The adder is moderately wounded.
You feel sick. The adder bites you.
Okay, then.
Okay, then.
As you read the scroll labelled JONLUPA BAST, it crumbles to dust.
A profound silence engulfs you.
It was a scroll of silence.
You feel sick. The adder closely misses you. The hound skeleton bites you.
Magic scrolls do not work when you're silenced!
You closely miss the adder.
The adder is moderately wounded.
You feel sick. The adder misses you.
The hound skeleton bites you but does no damage.
You closely miss the adder.
The adder is moderately wounded.
You feel sick. The adder completely misses you. The hound skeleton bites you.
The adder barely misses you.
You barely miss the adder.
The adder is moderately wounded.
You feel sick. The hound skeleton bites you.
* * * LOW HITPOINT WARNING * * *
The adder bites you.
* * * LOW HITPOINT WARNING * * *
You are more poisoned.
The adder poisons you!
You hit the adder but do no damage.
The adder is moderately wounded.
* * * LOW HITPOINT WARNING * * *
You feel sick.
The hound skeleton bites you but does no damage.
The adder barely misses you. The hound skeleton misses you.
You hit the adder.
The adder is moderately wounded.
You die...

########.###########.#
#....................#
.#####...############
#.....# ##...## ##.##
#.# #S# #@# #Z# #.#
#.# #.# ..# ..# ...#
Z...


You could see an adder and a hound skeleton.

Vanquished Creatures
  3 adders
  A dart slug (D:2)
  2 endoplasms (D:1)
  A giant cockroach (D:1)
  5 goblins
  A hobgoblin (D:1)
  7 jackals (D:1)
  2 quokkas
  3 ball pythons
  A bat (D:1)
  3 frilled lizards
  6 kobolds
  3 rats (D:1)
38 creatures vanquished.

Vanquished Creatures (others)
  13 plants (D:1)
13 creatures vanquished.

Grand Total: 51 creatures vanquished

Notes
Turn   | Place    | Note
-------+----------+-------------------------------------------
     0 | D:1      | kudzoo the Spriggan Enchanter began the quest for the Orb.
     0 | D:1      | Reached XP level 1. HP: 9/9 MP: 5/5
   853 | D:1      | Reached XP level 2. HP: 9/14 MP: 6/6
  1056 | D:1      | Learned a level 2 spell: Ensorcelled Hibernation
  1247 | D:1      | Reached skill level 5 in Stealth
  1274 | D:1      | Found Lored's Magic Scroll Boutique.
  1980 | D:1      | Reached XP level 3. HP: 13/17 MP: 8/8
  2060 | D:2      | Noticed Robin
  2195 | D:2      | Noticed Sigmund
  2264 | D:2      | Found Yptecs's General Store.
  2348 | D:2      | Found a faded altar of an unknown god.
  2362 | D:2      | Reached skill level 1 in Fighting
  2583 | D:3      | Reached XP level 4. HP: 19/22 MP: 0/9
  2854 | D:3      | HP: 1/22 [poisoned by an adder]
  2855 | D:3      | Succumbed to an adder's poison

Illustrated notes

Levels and vault maps discovered:
D:1:      eino_arrival_tree_alley, layout_loops_corners, serial_shops,
          nicolae_shop_waterfront
D:2:      layout_loops_ring, shapermc_ecumenical_altar_totnotflames,
          serial_shops, shop, kennysheep_another_room, st_stairs_5,
          kennysheep_pointless_box, uniq_sigmund, uniq_robin
D:3:      layout_loops_corners

Skill      XL: |  1  2  3 |
---------------+----------+-----
Stealth        | 5 |  5.8
Spellcasting   | 3 |  3.1
Hexes          | 4 |  4.1
Fighting       | 1 |  1.0
Dodging        | 3 |  3.0
Short Blades   | |  1.6

Action                   |  1- 3 |  4- 6 || total
-------------------------+-------+-------++-------
Melee: Dagger            |   120 |     8 ||   128
       Punch             |     1 |       ||     1
 Cast: Ensorcelled Hiber |    21 |     2 ||    23
  Use: Scroll            |       |     1 ||     1
 Stab: Sleeping          |    23 |     1 ||    24
Armor: Robe              |     6 |     2 ||     8
Dodge: Dodged            |    97 |     6 ||   103
